 Dungeon Crawl Stone Soup version 0.31.0-4-g52a2dc7128 (webtiles) character file.

Game seed: 11779378807271134311

44 Arctor the Vexing (level 3, -7/21 HPs)
             Began as a Kobold Hexslinger on Jan 21, 2024.
             Mangled by Natasha (8 damage)
             ... on level 2 of the Dungeon.
             The game lasted 00:00:34 (1239 turns).

Arctor the Vexing (Kobold Hexslinger)               Turns: 1239, Time: 00:00:35

Health: -7/21      AC:  2    Str:  5    XL:     3   Next: 87%
Magic:  3/5        EV: 15    Int: 14    God:
Gold:   45         SH:  0    Dex: 19    Spells: 3/5 levels left

rFire   . . .        a - +1 sling
rCold   . . .        (no shield)
rNeg    . . .        c - +0 robe
rPois   .            (no helmet)
rElec   .            (no cloak)
rCorr   .            (no gloves)
SInv    .            (no boots)
Will    .....        (no amulet)
Stlth   +++          (no ring)
HPRegen 0.23/turn    (no ring)
MPRegen 0.09/turn

%: no passive effects
@: weak-willed, jinxed
A: small, no large weapons, nightstalker 3
a: no special abilities


You were on level 2 of the Dungeon.
You visited 1 branch of the dungeon, and saw 2 of its levels.

You collected 45 gold pieces.

Inventory:

Hand Weapons
 a - a +1 sling (weapon)
Armour
 c - a +0 robe (worn)
Scrolls
 b - a scroll of poison
 f - a scroll of noise {unknown}
 g - a scroll of blinking {unknown}
 h - a scroll of enchant armour {unknown}
Potions
 d - a potion of curing {unknown}
 e - a potion of brilliance {unknown}
 i - a potion of lignification {unknown}


   Skills:
 + Level 1.8 Fighting
 + Level 3.2 Ranged Weapons
 + Level 2.9 Dodging
 + Level 1.5 Spellcasting
 + Level 3.2 Hexes
 + Level 1.6 Fire Magic


You had 3 spell levels left.
You knew the following spells:

 Your Spells              Type           Power      Damage    Failure   Level
a - Jinxbite              Hex            20%        N/A       10%         2

Your spell library contained the following spells:

 Spells                   Type           Power      Damage    Failure   Level
 Sigil of Binding         Hex            10%        N/A       21%         3
 Inner Flame              Hex/Fire       7%         N/A       26%         3
 Cause Fear               Hex            5%         N/A       54%         4
 Dimensional Bullseye     Hex/Tloc       2%         N/A       77%         4


Dungeon Overview and Level Annotations

Branches:
Dungeon (2/15)

Altars:

Annotations:
D:2 Natasha


Innate Abilities, Weirdness & Mutations

You are small and have problems with some larger weapons.
You are completely attuned to the shadows.


Message History

Natasha, Servant of Life and Death comes into view.
There are monsters nearby!
You shoot a sling bullet. The sling bullet hits the kobold.
You kill the kobold!
Natasha is nearby!
You shoot a sling bullet.
The sling bullet hits Natasha but does no damage.
Natasha extends her claws.
You shoot a sling bullet. The sling bullet hits Natasha!
Natasha is severely wounded.
You hear an angry hiss.
A frilled lizard comes into view.
Natasha casts a spell at you. The magic dart hits you.
There are monsters nearby!
You shoot a sling bullet. The sling bullet hits Natasha.
Natasha is severely wounded.
Natasha casts a spell at you. The magic dart hits you.
Unknown command.
There are monsters nearby!
Casting: Jinxbite (safe; 10% risk of failure)
Confirm with . or Enter, or press ? or * to list all spells.
You beckon some vexing sprites to accompany your attacks.
You feel your willpower being sapped.
Natasha mumbles some strange words.
You shoot a sling bullet.
The sling bullet closely misses Natasha.
Natasha claws you.
The cerulean imp hits you with a +0 spear.
* * * LOW HITPOINT WARNING * * *
The frilled lizard barely misses you.
You shoot a sling bullet. The sling bullet barely misses Natasha.
Natasha claws you.
* * * LOW HITPOINT WARNING * * *
The cerulean imp closely misses you. The frilled lizard bites you.
* * * LOW HITPOINT WARNING * * *
Natasha claws you!
You die...
Natasha begins licking her fur clean.

.#.##.#########
..............#
...##.#######.#
..............#
#.#.#.#########
..........#########
....#.###.........#
....#.# ########.5#
....#.# #@## #.
#..lh# .....#
...... ......


You could see Natasha, a cerulean imp (summoned) and a frilled lizard.

Vanquished Creatures
  A dart slug (D:1)
  A ribbon worm (D:2)
  2 ball pythons (D:1)
  4 endoplasms (D:1)
  5 giant cockroaches (D:1)
  3 goblins
  7 hobgoblins
  2 quokkas (D:1)
  2 bats (D:1)
  A frilled lizard (D:1)
  3 kobolds
  3 rats (D:1)
34 creatures vanquished.

Notes
Turn   | Place    | Note
-------+----------+-------------------------------------------
     0 | D:1      | Arctor the Kobold Hexslinger began the quest for the Orb.
     0 | D:1      | Reached XP level 1. HP: 12/12 MP: 2/2
   194 | D:1      | Reached XP level 2. HP: 16/16 MP: 3/3
   247 | D:1      | Found a faded altar of an unknown god.
   274 | D:1      | Learned a level 2 spell: Jinxbite
   536 | D:1      | Reached XP level 3. HP: 19/20 MP: 5/5
  1232 | D:2      | Noticed Natasha
  1239 | D:2      | HP: 1/21 [frilled lizard (1)]
  1239 | D:2      | Mangled by Natasha

Illustrated notes

Levels and vault maps discovered:
D:1:      lightli_arrival_isolated_outpost, layout_basic,
          shapermc_ecumenical_altar_totnotflames
D:2:      layout_rooms, serial_shops, nicolae_shop_pleasant_corner_grove,
          basic_altar, uniq_natasha, uniq_robin

Skill      XL: |  1  2 |
---------------+-------+-----
Ranged Weapons | 3 |  3.2
Fighting       | |  1.8
Dodging        | |  2.9
Spellcasting   | |  1.5
Hexes          | |  3.2
Fire Magic     | |  1.6

Action                     || total
---------------------------++-------
   Fire: Sling             ||    99
   Cast: Jinxbite          ||     2
 Armour: Robe              ||    22
  Dodge: Dodged            ||    51
